 Dungeon Crawl Stone Soup version 0.28-a0-751-gef3a642a4e (webtiles) character file.

Game seed: 18103905159205331975

2 flotson the Sneak (level 1, 0/18 HPs)
             Began as a Demonspawn Delver on Oct 31, 2021.
             Slain by a river rat (5 damage)
             ... in a sewer.
             The game lasted 00:01:04 (263 turns).

flotson the Sneak (Demonspawn Delver)                Turns: 263, Time: 00:01:05

Health: 0/18       AC:  3    Str: 12    XL:     1   Next: 25%
Magic:  1/1        EV: 11    Int: 11    God:
Gold:   0          SH:  0    Dex: 14    Spells: 0/0 levels left

rFire   . . .      SeeInvis .   a - +0 hand axe
rCold   . . .      Faith    .   (no shield)
rNeg    . . .      Spirit   .   b - +0 leather armour
rPois   .          Reflect  .   (no helmet)
rElec   .          Harm     .   (no cloak)
rCorr   +          Rampage  .   (no gloves)
Will    .....                   (no boots)
Stlth   ++........              (no amulet)
HPRegen 0.06/turn               i - ring of resist corrosion
MPRegen 0.07/turn               j - ring of wizardry

@: no status effects
A: no striking features
a: no special abilities


You were in a sewer.
You visited 1 branch of the dungeon, and saw 2 of its levels.
You also visited: Sewer.

Inventory:

Hand Weapons
 a - a +0 hand axe (weapon)
Armour
 b - a +0 leather armour (worn)
Jewellery
 i - a ring of resist corrosion (left hand)
 j - a ring of wizardry (right hand)
Wands
 g - a wand of digging (3)
Scrolls
 c - a scroll of fog
 d - a scroll of fear
 h - 2 scrolls of identify {unknown}
Potions
 e - a potion of heal wounds {unknown}


   Skills:
 + Level 3.0 Fighting
 - Level 1.7 Axes
 + Level 0.1 Armour
 + Level 1.8 Dodging
 - Level 4.5 Stealth


You couldn't memorise any spells.
You didn't know any spells.
Your spell library was empty.

Dungeon Overview and Level Annotations

Branches:
Dungeon (5/15)              Sewer (1/1)
 Temple: D:4-7

Altars:


Message History

Moving in this stuff is going to be slow. 2 rats and a river rat come into view.
A river rat comes into view.
The helpless river rat fails to defend itself.
You hit the river rat.
The river rat is moderately wounded.
The river rat closely misses you.
You hit the river rat.
The river rat is heavily wounded.
The river rat bites you.
You hit the river rat but do no damage.
The river rat is heavily wounded.
The river rat closely misses you. The river rat misses you.
You hit the river rat but do no damage.
The river rat is heavily wounded.
The river rat barely misses you.
You closely miss the river rat.
The river rat is heavily wounded.
The river rat barely misses you.
You closely miss the river rat.
The river rat is moderately wounded.
The river rat bites you.
You hit the river rat.
The river rat is heavily wounded.
The river rat barely misses you. x2
You hit the river rat but do no damage.
The river rat is heavily wounded.
The river rat bites you but does no damage.
You closely miss the river rat.
The river rat is heavily wounded.
The river rat bites you but does no damage.
You hit the river rat but do no damage.
The river rat is heavily wounded.
The river rat barely misses you.
You completely miss the river rat.
The river rat is heavily wounded.
The river rat bites you!
* * * LOW HITPOINT WARNING * * *
The river rat bites you.
You die... ## . .# ## rr#

##. #r# #r##.# #@#.# ##.##
#.#.#
#################≈#############
≈.≈≈≈≈.≈≈≈≈≈.≈.≈........≈≈#≈≈≈≈
≈≈≈≈≈≈≈≈.≈≈≈.≈≈..≈......≈≈#≈≈≈≈
###############################


You could see a river rat.

Vanquished Creatures
  3 frilled lizards (Sewer)
3 creatures vanquished.

Notes
Turn   | Place    | Note
-------+----------+-------------------------------------------
     0 | D:5      | flotson the Demonspawn Delver began the quest for the Orb.
     0 | D:5      | Reached XP level 1. HP: 18/18 MP: 1/1
    44 | D:4      | Noticed a phantom
    67 | D:4      | Found a glowing drain.
    94 | Sewer    | Entered a sewer
   263 | Sewer    | Slain by a river rat

Illustrated notes

Levels and vault maps discovered:
D:4:      layout_basic, gup_sewer_entry_glass,
          minmay_fractal_squares_diagonal_5, uniq_menkaure
D:5:      layout_basic, minmay_temple_entry_butterflies,
          chequers_serial_rivers_marsh, minmay_joined_circles,
          uniq_blork_the_orc, uniq_prince_ribbit1
Sewer:    sewer_co_cracked_pipes

Action                   || total
-------------------------++-------
Melee: Hand axe          ||    22
  Use: Scroll            ||     2
       Potion            ||     1
 Stab: Sleeping          ||     1
Armor: Leather armour    ||     6
Dodge: Dodged            ||    18

Table legend: (Time is in decaauts)
 A = Elapsed time spent in this place.
 B = Non-inter-level travel time spent in this place.
 C = Inter-level travel time spent in this place.
 D = Time resting spent in this place.
 E = Time spent auto-exploring this place.
 F = Levels seen in this place.
 G = Mean time per level.
                   A        B        C        D        E       F      G
               +--------+--------+--------+--------+--------+-----+--------+
         Total |    257 |    257 |      0 |      3 |    150 |   3 |   85.7 |
       Dungeon |     89 |     89 |      0 |      0 |     33 |   2 |   44.5 |
         Sewer |    168 |    168 |      0 |      3 |    117 |   1 |  168.0 |
               +--------+--------+--------+--------+--------+-----+--------+

Top non-repeatable levels by time:
   Sewer: 168 daAuts
     D:4: 46 daAuts
     D:5: 43 daAuts
